 Dungeon Crawl Stone Soup version 0.27.1-3-gb3d3a73c9e (webtiles) character file.

Game seed: 13755212658242618201

7 Descartes the Sneak (level 1, -2/11 HPs)
             Began as a Spriggan Delver on Oct 16, 2021.
             Slain by a jackal (3 damage)
             ... on level 4 of the Dungeon.
             The game lasted 00:01:15 (580 turns).

Descartes the Sneak (Spriggan Delver)                Turns: 580, Time: 00:01:15

Health: -2/11      AC:  2    Str:  8    XL:     1   Next: 83%
Magic:  2/2        EV: 17    Int: 11    God:
Gold:   10         SH:  0    Dex: 16    Spells: 0/0 levels left

rFire    . . .     SeeInvis +   a - +0 short sword
rCold    . . .     Faith    .   (shield restricted)
rNeg     . . .     Spirit   .   b - +0 robe
rPois    .         Reflect  .   (helmet restricted)
rElec    .         Harm     .   (no cloak)
rCorr    .         Rampage  .   (gloves unavailable)
Will     .....                  (boots unavailable)
Stlth    ++++......             (no amulet)
HPRegen  0.03/turn              (no ring)
MPRegen  0.08/turn              (no ring)

@: very quick
A: very small, no large weapons, unfitting armour, see invisible, speed 3
a: no special abilities


You were on level 4 of the Dungeon.
You visited 1 branch of the dungeon, and saw 2 of its levels.

You collected 10 gold pieces.

Inventory:

Hand Weapons
 a - a +0 short sword (weapon)
 h - a +0 hunting sling
Armour
 b - a +0 robe (worn)
Wands
 g - a wand of digging (3)
Scrolls
 c - a scroll of fog
 d - a scroll of magic mapping
 e - 2 scrolls of fear
Potions
 f - a potion of haste
 i - a potion of curing {unknown}


   Skills:
 + Level 2.5 Fighting
 + Level 2.3 Short Blades
 + Level 2.9 Dodging
 + Level 7.4 Stealth


You couldn't memorise any spells.
You didn't know any spells.
Your spell library was empty.

Dungeon Overview and Level Annotations

Branches:
Dungeon (5/15)
 Temple: D:4-7

Altars:

Annotations:
D:5 exclusion: phantom


Innate Abilities, Weirdness & Mutations

You are very small and have problems with some larger weapons.
You are too small for most types of armour.
You have supernaturally acute eyesight. (SInv)
You cover ground extremely quickly. (Speed+++)


Message History

You hit the jackal.
The jackal is almost dead.
The jackal closely misses you.
You hit the jackal but do no damage.
The jackal is almost dead.
The jackal misses you.
The jackal bites you but does no damage.
You hit the jackal but do no damage.
The jackal is almost dead.
The jackal misses you.
You hit the jackal.
You kill the jackal!
The jackal misses you.
You hit the jackal.
The jackal is moderately wounded.
The jackal completely misses you.
A worm comes into view.
The jackal misses you.
You hit the jackal.
The jackal is heavily wounded.
The jackal barely misses you.
You hit the jackal but do no damage.
The jackal is heavily wounded.
The jackal completely misses you.
The jackal bites you but does no damage.
You hit the jackal.
The jackal is heavily wounded.
The jackal completely misses you.
You hit the jackal but do no damage.
The jackal is heavily wounded.
The jackal closely misses you.
You hit the jackal but do no damage.
The jackal is heavily wounded.
The jackal bites you.
* * * LOW HITPOINT WARNING * * *
The jackal barely misses you.
You hit the jackal but do no damage.
The jackal is heavily wounded.
The jackal bites you.
You die...

##.## #.# #.#$...........
......##.####.###..h.##....
#.................#..##
......##.####.###..........
###.# #..................#
.w #.#.##.###.....#.#.# .
#.#.# #.....#.#.. ..#h#
#.......#.. ####@#
#.......... #.# ###...#.##.
#.# .####h..#.##. ..#
#............ .##
####.##>#.##. ..
..........##. ..
##........... ###
#..###.##### #. #.#


You could see a jackal.

Vanquished Creatures
  An ufetubus (D:5)
  A jackal (D:4)
2 creatures vanquished.

Notes
Turn   | Place    | Note
-------+----------+-------------------------------------------
     0 | D:5      | Descartes the Spriggan Delver began the quest for the Orb.
     0 | D:5      | Reached XP level 1. HP: 11/11 MP: 2/2
    39 | D:5      | Noticed a phantom
    46 | D:5      | Noticed a scorpion
   525 | D:4      | Noticed a howler monkey
   580 | D:4      | Slain by a jackal

Illustrated notes

Levels and vault maps discovered:
D:4:      layout_basic, minmay_temple_entry_wispy, uniq_blork_the_orc
D:5:      layout_layer_cave, lemuel_tele_altar

Action                   || total
-------------------------++-------
Melee: Short sword       ||    34
Armor: Robe              ||     2
Dodge: Dodged            ||    45
